 Dungeon Crawl Stone Soup version 0.31-a0-705-ga145531891 (webtiles) character file.

Game seed: 7104494691044071418

617 qw the Shooter (level 7, 0/44 HPs)
             Began as a Gargoyle Hunter on Sept 9, 2023.
             Engulfed by a steam dragon's steam (4 damage)
             ... on level 5 of the Dungeon.
             The game lasted 00:01:19 (3771 turns).

qw the Shooter (Gargoyle Hunter)                    Turns: 3771, Time: 00:01:19

Health: 0/44       AC: 12    Str: 14    XL:     7   Next: 45%
Magic:  7/7        EV: 11    Int: 10    God:
Gold:   59         SH:  0    Dex: 15    Spells: 6/6 levels left

rFire   . . .        Y - +1 shortbow
rCold   . . .        (shield currently unavailable)
rNeg    + . .        d - +0 ring mail
rPois   inf          (no helmet)
rElec   +            i - +1 cloak
rCorr   .            (no gloves)
SInv    .            (no boots)
Will    .....        (no amulet)
Stlth   +            (no ring)
HPRegen 0.27/turn    (no ring)
MPRegen 0.10/turn

%: no passive effects
@: marked
A: sickness immunity, AC +4, negative energy resistance 1, electricity
resistance, torment resistance 1, petrification resistance
a: no special abilities


You were on level 5 of the Dungeon.
You visited 1 branch of the dungeon, and saw 5 of its levels.

You collected 261 gold pieces.
You spent 202 gold pieces at shops.


Innate Abilities, Weirdness & Mutations

You are immune to sickness and miasma.
Your stone body is resilient. (AC +4)
You are immune to poison.
You resist negative energy. (rN+)
You are resistant to electric shocks. (rElec)
You are resistant to unholy torment.
You are immune to petrification.


   Skills:
 - Level 5.3 Fighting
 + Level 7.3 Ranged Weapons
 - Level 1.4 Armour
 - Level 1.5 Dodging
 - Level 1.1 Stealth


You had 6 spell levels left.
You didn't know any spells.
Your spell library was empty.

Inventory:

Hand Weapons
 Y - a +1 shortbow (weapon)
Armour
 d - a +0 ring mail (worn)
 i - a +1 cloak (worn)
Scrolls
 g - a scroll of identify
Potions
 a - a potion of cancellation
 b - 2 potions of resistance
 c - a potion of might {unknown}
 h - 2 potions of haste

Dungeon Overview and Level Annotations

Branches:
Dungeon (5/15)
 Temple: D:4-7

Altars:
Ashenzari
Dithmenos
Qazlal
Ru
Xom
Lugonu

Shops:
D:3 ??!

Portals:
Abyss: D:3

Annotations:
D:3 1 runed translucent door, Crazy Yiuf


Message History

The steam dragon closely misses you.
The steam dragon claws you but does no damage.
You shoot an arrow. The arrow hits the steam dragon.
The steam dragon is heavily wounded.
The steam dragon bites you but does no damage.
The steam dragon barely misses you.
You shoot an arrow.
The arrow hits the steam dragon but does no damage.
The steam dragon is heavily wounded.
The steam dragon bites you. The steam dragon claws you.
The steam dragon bites you!
The steam dragon claws you but does no damage.
You shoot an arrow.
The arrow closely misses the steam dragon.
The steam dragon bites you but does no damage.
The steam dragon barely misses you.
You shoot an arrow. The arrow hits the steam dragon.
The steam dragon is severely wounded.
The steam dragon breathes steam at you. The ball of steam misses you.
You shoot an arrow. The arrow hits the steam dragon.
The steam dragon is severely wounded.
You are engulfed in a cloud of scalding steam.
The steam dragon barely misses you.
The steam dragon claws you but does no damage.
You shoot an arrow.
The arrow closely misses the steam dragon.
You are engulfed in a cloud of scalding steam.
The steam dragon bites you but does no damage.
The steam dragon claws you but does no damage.
You shoot an arrow.
The arrow barely misses the steam dragon.
You are engulfed in a cloud of scalding steam.
The steam dragon breathes steam at you. The ball of steam hits you.
You shoot an arrow.
The arrow hits the steam dragon but does no damage.
The steam dragon is severely wounded.
You are engulfed in a cloud of scalding steam.
You die...

##..########...
##............
###########.. #.. #####
#####..
.....######......
#.###### #........###..
#....D.#####..#########
#@##.............#
##¤¤#.###########..
#.¤¤¤.# ##. #.#...# #.
#..###..# ##. #.#
##.¤.########.. #.
##........... ..
########..# .#. #...#


You could see a steam dragon (catching breath).

Vanquished Creatures
  Grinder (D:3)
  2 scorpions (D:5)
  A howler monkey (D:4)
  A jelly (D:3)
  Jessica (D:2)
  Natasha (twice) (D:2)
  A gnoll (D:5)
  7 adders
  A worm (D:4)
  4 dart slugs
  4 orcs (D:4)
  8 ball pythons
  5 bats
  9 endoplasms
  2 giant cockroaches
  7 goblins
  6 hobgoblins
  2 quokkas (D:4)
  4 frilled lizards
  4 kobolds
  8 rats
  2 lurking horrors (D:3)
82 creatures vanquished.

Notes
Turn   | Place    | Note
-------+----------+-------------------------------------------
     0 | D:1      | qw the Gargoyle Hunter began the quest for the Orb.
     0 | D:1      | Reached XP level 1. HP: 12/12 MP: 1/1
     0 | D:1      | 0 ||| qw: Version: 0.3-a-80-g6052c40
     0 | D:1      | 0 ||| qw: Game counter: 1342
     0 | D:1      | 0 ||| qw: Melee chars always use a shield: true
     0 | D:1      | 0 ||| qw: God list: Okawaru
     0 | D:1      | 0 ||| qw: Allow faded altars: false
     0 | D:1      | 0 ||| qw: Do Orc after clearing Dungeon:15 true
     0 | D:1      | 0 ||| qw: Do second Lair branch before Depths: true
     0 | D:1      | 0 ||| qw: Lair rune preference: random
     0 | D:1      | 0 ||| qw: Goals: Normal
     0 | D:1      | 0 ||| PLANNING D:1-11
   100 | D:1      | Reached XP level 2. HP: 17/17 MP: 2/2
   625 | D:1      | 625 ||| UPGRADING to +0 ring mail.
   635 | D:1      | 635 ||| DROPPING +0 leather armour.
   636 | D:1      | 636 ||| READING 2 scrolls labelled TOASHU PO FIR.
   637 | D:1      | 637 ||| READING scroll labelled LINEMORUEN.
   638 | D:1      | 638 ||| READING scroll labelled HAETI ANEINIAV.
   639 | D:1      | 639 ||| DROPPING scroll of noise.
   640 | D:1      | 640 ||| DROPPING scroll of butterflies.
   716 | D:2      | Reached XP level 3. HP: 21/21 MP: 3/3
   761 | D:2      | Reached skill level 1 in Armour
   809 | D:2      | Reached skill level 5 in Ranged Weapons
  1123 | D:2      | Noticed Natasha
  1128 | D:2      | Killed Natasha
  1129 | D:2      | Reached skill level 3 in Fighting
  1129 | D:2      | Reached XP level 4. HP: 18/28 MP: 4/4
  1194 | D:2      | Noticed Jessica
  1202 | D:2      | Killed Jessica
  1203 | D:2      | Reached XP level 5. HP: 31/32 MP: 5/5
  1365 | D:2      | Noticed Natasha
  1377 | D:2      | Killed Natasha
  1547 | D:2      | 1547 ||| READING scroll labelled KOOFRI GEIXT.
  1548 | D:2      | 1548 ||| READING scroll labelled ZOKUNIVUOLAG.
  1549 | D:2      | 1549 ||| DRINKING 2 murky white potions.
  1595 | D:2      | 1595 ||| DROPPING potion of lignification.
  1711 | D:3      | Found Lienopnu's Magic Scroll Emporium.
  1722 | D:3      | 1722 ||| BUYING scroll of enchant armour (75 gold).
  1722 | D:3      | Bought a scroll of enchant armour for 75 gold pieces
  1722 | D:3      | 1722 ||| BUYING scroll of enchant weapon (75 gold).
  1722 | D:3      | Bought a scroll of enchant weapon for 75 gold pieces
  1722 | D:3      | 1722 ||| SHOPLISTING scroll of identify (20 gold, have 0).
  1722 | D:3      | 1722 ||| SHOPLISTING scroll of teleportation (30 gold, have
                  | 0).
  1722 | D:3      | 1722 ||| READING scroll of enchant weapon.
  1722 | D:3      | 1722 ||| ENCHANTING +0 shortbow.
  1741 | D:3      | Found Jesu's Distillery.
  1753 | D:3      | 1753 ||| SHOPLISTING potion of curing (36 gold, have 8).
  1753 | D:3      | 1753 ||| SHOPLISTING potion of haste (120 gold, have 8).
  1753 | D:3      | 1753 ||| SHOPLISTING potion of mutation (96 gold, have 8).
  1874 | D:3      | Reached skill level 6 in Ranged Weapons
  1935 | D:3      | Noticed Grinder
  1946 | D:3      | Killed Grinder
  1947 | D:3      | Reached XP level 6. HP: 31/40 MP: 6/6
  2088 | D:3      | Found a corrupted altar of Lugonu.
  2089 | D:3      | Found a one-way gate to the infinite horrors of the Abyss.
  2093 | D:3      | 2093 ||| FLEEEEING.
  2127 | D:3      | Found a shadowy altar of Dithmenos.
  2284 | D:3      | Found a runed translucent door.
  2285 | D:3      | Noticed Crazy Yiuf
  2365 | D:3      | Found Ofairisa's Magic Scroll Emporium.
  2368 | D:3      | 2368 ||| BUYING scroll of identify (26 gold).
  2368 | D:3      | Bought a scroll of identify for 26 gold pieces
  2368 | D:3      | 2368 ||| BUYING scroll of identify (26 gold).
  2368 | D:3      | Bought a scroll of identify for 26 gold pieces
  2368 | D:3      | 2368 ||| SHOPLISTING scroll of identify (26 gold, have 7).
  2546 | D:3      | 2546 ||| UPGRADING to +0 cloak.
  2551 | D:3      | 2551 ||| READING scroll of enchant armour.
  2551 | D:3      | 2551 ||| ENCHANTING +0 cloak.
  2552 | D:3      | 2552 ||| READING scroll labelled DUSESCHURHEU.
  2598 | D:3      | 2598 ||| DRINKING 2 bubbling amethyst potions.
  2599 | D:3      | 2599 ||| READING 4 scrolls of identify.
  2599 | D:3      | 2599 ||| IDENTIFYING inky potion
  2600 | D:3      | 2600 ||| READING 3 scrolls of identify.
  2600 | D:3      | 2600 ||| IDENTIFYING sedimented sapphire potion
  2601 | D:3      | 2601 ||| READING 2 scrolls of identify.
  2601 | D:3      | 2601 ||| IDENTIFYING smoky pink potion
  2602 | D:3      | 2602 ||| DROPPING potion of degeneration.
  2603 | D:3      | 2603 ||| DROPPING potion of berserk rage.
  2604 | D:3      | 2604 ||| DROPPING potion of brilliance.
  2761 | D:4      | Reached XP level 7. HP: 44/44 MP: 7/7
  3244 | D:4      | Found an ancient bone altar of Kikubaaqudgha.
  3247 | D:4      | Found a broken altar of Ashenzari.
  3247 | D:4      | Found a sacrificial altar of Ru.
  3249 | D:4      | Found a broken altar of Ashenzari.
  3249 | D:4      | Found a stormy altar of Qazlal.
  3249 | D:4      | Found a shimmering altar of Xom.
  3547 | D:4      | 3547 ||| DRINKING 2 fizzy blue potions.
  3548 | D:4      | 3548 ||| DRINKING 3 grey potions.
  3549 | D:4      | 3549 ||| READING 2 scrolls of identify.
  3549 | D:4      | 3549 ||| IDENTIFYING fuming inky potion
  3550 | D:4      | 3550 ||| DROPPING potion of magic.
  3581 | D:5      | Entered Level 5 of the Dungeon
  3582 | D:5      | 3582 ||| PLANNING SEWER
  3681 | D:5      | Reached skill level 7 in Ranged Weapons
  3757 | D:5      | Noticed a steam dragon
  3765 | D:5      | HP: 7/44 [steam dragon (9)]
  3770 | D:5      | HP: 4/44 [steam dragon/ball of steam (2)]
  3771 | D:5      | Engulfed by a steam dragon's steam

Levels and vault maps discovered:
D:1:      dpeg_arrival_oval, layout_basic, kennysheep_boxes
D:2:      layout_basic, kennysheep_crisscross, kennysheep_generic_room_5,
          uniq_natasha, uniq_jessica
D:3:      layout_loops_ring, mainiacjoe_overflow_alcove_2, serial_shops, shop,
          nicolae_shop_rolled_up, nicolae_shop_industrial_runoff,
          amcnicky_altar_lugonu_corruption, uniq_crazy_yiuf_cottage,
          uniq_grinder
D:4:      layout_basic, doesnt_xom_only_xom,
          hangedman_abyss_or_decor_lesser_grid
D:5:      layout_rooms, lemuel_crystal_altar, portal_sewer_entry_e

Skill      XL: |  1  2  3  4  5  6  7 |
---------------+----------------------+-----
Armour         | 1 |  1.4
Ranged Weapons | 5 6 7 |  7.3
Fighting       | 3 5 |  5.3
Dodging        | |  1.5
Stealth        | |  1.1

Action                     |  1- 3 |  4- 6 |  7- 9 || total
---------------------------+-------+-------+-------++-------
   Fire: Shortbow          |    88 |   102 |    93 ||   283
    Use: Scroll            |     3 |     8 |     1 ||    12
         Potion            |       |     2 |     2 ||     4
 Armour: Leather armour    |     4 |       |       ||     4
         Ring mail         |    16 |    28 |    42 ||    86
  Dodge: Dodged            |    21 |    23 |    25 ||    69

Table legend:
 A = Non-vault XP
 B = Vault XP
 C = Vault XP percentage of total XP
 D = Non-vault monster count
 E = Vault monster count
 F = Vault count percentage of total count
                 A         B        C        D         E       F
            +---------+---------+-------+---------+---------+-------
      Total |     528 |     354 |  40.1 |      76 |       4 |   5.0
            +---------+---------+-------+---------+---------+-------
        D:1 |      30 |       0 |   0.0 |      17 |       0 |   0.0
        D:2 |     105 |      73 |  41.0 |      23 |       3 |  11.5
        D:3 |      70 |     281 |  80.1 |      11 |       1 |   8.3
        D:4 |     137 |       0 |   0.0 |      21 |       0 |   0.0
        D:5 |     186 |       0 |   0.0 |       4 |       0 |   0.0
            +---------+---------+-------+---------+---------+-------
